 Dungeon Crawl Stone Soup version bcrawl-1.40.3b (webtiles) character file.

Game seed: 1379278786528011653

13123340 Finalfun the Warrior (level 21, -3/201 HPs)
             Began as a Minotaur Archaeologist on Mar 16, 2024.
             Was an Elder of Lugonu.
             Slain by an Executioner (10 damage)
             ... summoned by a lich
             ... on level 3 of the Depths on Mar 17, 2024.
             The game lasted 02:03:39 (37310 turns).

Finalfun the Warrior (Minotaur Archaeologist)      Turns: 37310, Time: 02:03:39

Health: -3/201     AC: 25    Str: 25    XL:     21   Next: 38%
Magic:  29/29      EV:  6    Int:  9    God:    Lugonu [****..]
Gold:   1103       SH: 32    Dex: 17    Spells: 20/20 levels left

rFire    + . .     GDR:     38% W - +8 broad axe
rCold    + + .     Archmagi +   i - +18 shield of the Gong {rElec rN+ MR+ EV-5}
rNeg     + . .     SeeInvis .   V - +8 orange crystal plate armour {Archmagi, Int+3 Clar}
rPois    +         Gourm    .   h - +0 hat of the Blind Marksman {rC+ Dex+2 Stlth+}
rElec    +         Faith    .   S - scarf {rC+ rF+}
rCorr    +         Spirit   .   y - +0 pair of gloves of the Untouchables {rF- MR+ Dex+5 Slay+3}
MR       +++..     Reflect  .   L - +2 pair of boots of the Assassin {Detection Stab+ Stlth++, pickup} Stlth ..........Clarity +
                                M - amulet of regeneration
HPRegen  1.30/turn              Z - ring "Keisof" {rPois rF+ Int-5 Stlth--}
MPRegen  0.21/turn              o - ring of resist corrosion

@: corroded, very slightly contaminated, drained
A: retaliatory headbutt, horns 2, screaming 1
}: 3/15 runes: serpentine, barnacled, slimy
a: Depart the Abyss, Bend Space, Banish, Corrupt, Renounce Religion


You were on level 3 of the Depths.
You worshipped Lugonu.
Lugonu was greatly pleased with you.
You were not hungry.

You visited 8 branches of the dungeon, and saw 34 of its levels.
You visited the Abyss 2 times.
You also visited: Sewer and Bailey.

You collected 4605 gold pieces.
You spent 3502 gold pieces at shops.

Inventory:

Hand Weapons
 W - a +8 broad axe (weapon)
Missiles
 b - 589 steel javelins (quivered)
 t - 420 javelins of penetration {=f}
 K - 8 throwing nets {=f}
Armour
 h - the +0 hat of the Blind Marksman (worn) {rC+ Dex+2 Stlth+}
   (You acquired it in a sewer)

   It affects your dexterity (+2).
   It protects you from cold.
   It makes you more stealthy.
 i - the +18 shield of the Gong (worn) {rElec rN+ MR+ EV-5}
   (You bought it in a shop in the Orcish Mines)

   It affects your evasion (-5).
   It insulates you from electricity.
   It protects you from negative energy.
   It affects your resistance to hostile enchantments.
 y - the +0 pair of gloves of the Untouchables (worn) {rF- MR+ Dex+5 Slay+3}
   (You acquired it on level 2 of the Lair of Beasts)

   It affects your dexterity (+5).
   It affects your accuracy and damage with ranged weapons and melee attacks
   (+3).
   It makes you vulnerable to fire.
   It affects your resistance to hostile enchantments.
 L - the +2 pair of boots of the Assassin (worn) {Detection Stab+ Stlth++, pickup}
   (Lugonu gifted it to you on level 2 of the Depths)

   It makes you much more stealthy.
 O - the scarf "Forget-Me-Not" {repulsion, Regen+}
   (You acquired it on level 1 of the Lair of Beasts)

   It increases your rate of regeneration.
 S - a scarf of resistance (worn)
 V - the +8 orange crystal plate armour (worn) {Archmagi, Int+3 Clar}
   (Lugonu gifted it to you on level 12 of the Dungeon)

   It affects your intelligence (+3).
   It protects you against confusion.
Jewellery
 j - an uncursed ring of insulation
 l - an uncursed ring of protection from cold
 n - an uncursed ring of positive energy
 o - a ring of resist corrosion (right hand)
 r - an uncursed ring of protection from fire
 G - the ring of Neureodi {rC+ Str+4 Slay+3}
   (You found it on level 5 of the Pits of Slime)

   [ring of protection from cold]

   It affects your strength (+4).
   It affects your accuracy and damage with ranged weapons and melee attacks
   (+3).
   It protects you from cold.
 M - an amulet of regeneration (around neck)
 Z - the ring "Keisof" (left hand) {rPois rF+ Int-5 Stlth--}
   (You found it on level 6 of the Lair of Beasts)

   [ring of attention]

   It affects your intelligence (-5).
   It protects you from fire.
   It protects you from poison.
   It makes you much less stealthy.
Wands
 m - a wand of digging (22)
 p - a wand of iceblast (42)
 D - a wand of disintegration (14)
 Q - a wand of acid (10)
Scrolls
 a - a scroll of fog
 c - 4 scrolls of fear
 g - 4 scrolls of revelation
 v - 4 scrolls of immolation
 w - 10 scrolls of teleportation
 B - 11 scrolls of amnesia
 F - 5 scrolls of blinking
 I - 2 scrolls of torment
 P - a scroll of silence
 R - a scroll of enchant weapon
 Y - 3 scrolls of vulnerability
Potions
 d - 6 potions of flight
 k - a potion of heal wounds
 u - 4 potions of brilliance
 x - 6 potions of magic
 A - 3 potions of agility
 C - 2 potions of ambrosia
 H - 5 potions of might
 N - 9 potions of curing
 T - 3 potions of cancellation
 U - 3 potions of haste
 X - a potion of resistance
Miscellaneous
 f - a sack of spiders
 q - a box of beasts
 z - a phantom mirror
 E - a lightning rod (4/4)
 J - a lamp of fire
Comestibles
 e - 42 rations {!d}


   Skills:
 + Level 20.3(18.8) Fighting
 - Level 17.9(16.6) Axes
   Level 1.2(11.0) Maces & Flails
 - Level 16.0(14.6) Throwing
 - Level 15.0(13.7) Armour
 - Level 15.0(13.7) Dodging
 - Level 2.6(1.7) Stealth
 - Level 15.0(13.7) Shields
 - Level 12.0(10.7) Invocations
 - Level 10.0(8.8) Evocations


You had 20 spell levels left.
You didn't know any spells.
Your spell library contained the following spells:

 Spells                   Type           Power        Failure   Level  Hunger
 Apportation              Tloc           #.....       100%        1    None
 Corona                   Hex            #......      100%        1    None
 Flame Tongue             Conj/Fire      #....        100%        1    None
 Freeze                   Ice            #.....       100%        1    None
 Summon Butterflies       Summ           #.......     100%        1    None
 Summon Small Mammal      Summ           #...         100%        1    None
 Call Imp                 Summ           #.....       100%        2    ####...
 Ensorcelled Hibernation  Hex/Ice        #.....       100%        2    ####...
 Flaming Arrows           Chrm/Fire      #.......     100%        2    ####...
 Passwall                 Tmut/Erth      #.......     100%        2    ####...
 Shackle                  Hex            #.......     100%        2    ####...
 Swiftness                Chrm/Air       #.......     100%        2    ####...
 Throw Frost              Conj/Ice       #.....       100%        2    ####...
 Beckoning                Tloc           #.........   100%        3    #####..
 Call Canine Familiar     Summ           #.......     100%        3    #####..
 Confuse                  Hex            #.......     100%        3    #####..
 Conjure Flame            Conj/Fire      #.......     100%        3    #####..
 Dazzling Orbs            Conj/Hex       #......      100%        3    #####..
 False Image              Hex/Summ       #.......     100%        3    #####..
 Inner Flame              Hex/Fire       N/A          100%        3    #####..
 Ozocubu's Armour         Chrm/Ice       #.......     100%        3    #####..
 Recall                   Summ/Tloc      N/A          100%        3    #####..
 Spectral Weapon          Hex/Chrm       #.......     100%        3    #####..
 Tukima's Dance           Hex            #.......     100%        3    #####..
 Airstrike                Air            #.........   100%        4    ######.
 Cause Fear               Hex            #.........   100%        4    ######.
 Ice Form                 Ice/Tmut       #.......     100%        4    ######.
 Petrify                  Tmut/Erth      #.........   100%        4    ######.
 Sticky Flame             Conj/Fire      #.......     100%        4    ######.
 Summon Ice Beast         Ice/Summ       #.......     100%        4    ######.
 Throw Icicle             Conj/Ice       #.......     100%        4    ######.
 Yara's Violent Unravell  Hex/Tmut       #.........   100%        4    ######.
 Fireball                 Conj/Fire      #.........   100%        5    #######
 Iskenderun's Battlesphe  Conj/Chrm      #.......     100%        5    #######
 Lee's Rapid Deconstruct  Erth           #.........   100%        5    #######
 Passage of Golubria      Tloc           N/A          100%        5    #######
 Piercing Shot            Chrm           #.........   100%        5    #######
 Silence                  Hex/Air        #.........   100%        5    #######
 Steam Barrier            Chrm/Fire      #.........   100%        5    #######
 Summon Demon             Summ           #.........   100%        5    #######
 Summon Forest            Summ/Tloc      #.........   100%        5    #######
 Summon Lightning Spire   Summ/Air       #.......     100%        5    #######
 Summon Mana Viper        Hex/Summ       #.......     100%        5    #######
 Aura of Abjuration       Summ           #.........   100%        6    #######
 Borgnjor's Vile Clutch   Necr/Erth      #.........   100%        6    #######
 Darkness                 Hex            #.........   100%        6    #######
 Deflect Missiles         Chrm/Air       #.........   100%        6    #######
 Infestation              Hex/Tmut/Pois  #........    100%        6    #######
 Invisibility             Hex            #.......     100%        6    #######
 Summon Hydra             Summ           #.........   100%        6    #######
 Blight                   Necr/Pois      #........    100%        7    #######
 Icicle Burst             Conj/Ice       #.........   100%        7    #######
 Monstrous Menagerie      Summ           #.........   100%        7    #######
 Orb of Destruction       Conj           #.........   100%        7    #######
 Scorpion Form            Tmut/Pois      #.........   100%        7    #######
 Shadow Creatures         Summ           N/A          100%        7    #######
 Chain Lightning          Conj/Air       #.........   100%        8    #######
 Glaciate                 Conj/Ice/Air   #.........   100%        8    #######
 Lehudib's Crystal Spear  Conj/Erth      #.........   100%        8    #######
 Time Stop                Chrm/Tloc      N/A          100%        8    #######
 Tornado                  Tloc/Air       #.........   100%        8    #######
 Fire Storm               Fire           #.........   100%        9    #######


Dungeon Overview and Level Annotations

Branches:
Dungeon (12/12)            Temple (1/1) D:7            Lair (6/6) D:7
 Shoals (3/3) Lair:4        Snake (3/3) Lair:3        Slime (5/5) Orc
    Orc (1/1) D:10         Vaults (0/3) D:11         Forest (0/3) Lair:5
 Depths (3/5) D:12

Altars:
Ashenzari
Cheibriados
Dithmenos
Elyvilon
Fedhas
Gozag
Hepliaklqana
Kikubaaqudgha
Lugonu
Makhleb
Nemelex Xobeh
Okawaru
Qazlal
Ru
Sif Muna
Trog
Uskayaw
Vehumet
Wu Jian
Xom
Yredelemnul
Zin
The Shining One
Jiyva

Shops:
D:10 [   Orc =?![(   Depths:2 *

Portals:
Hell: Lair:6 Depths:1 Depths:2
Abyss: Depths:1 Depths:2

Annotations:
D:5 Eustachio, Ijyb
D:6 5 runed doors
Lair:2 corrupted
Lair:5 corrupted
Snake:2 corrupted
Slime:4 corrupted
Slime:5 corrupted
Depths:3 1 runed door
Abyss:1 Menkaure


Innate Abilities, Weirdness & Mutations

You reflexively headbutt those who attack you in melee.
You have a pair of horns on your head.
You occasionally shout uncontrollably at your foes.


Message History

BOUMMMMG!
You block the Executioner's attack.
PANG!
You block the Executioner's attack.
GONNNNG!
The frost giant points at you and mumbles some strange words.
The bolt of cold hits the wraith!
The wraith resists.
You resist. The bolt of cold hits you!
* * * LOW HITPOINT WARNING * * *
The lich touches you but does no damage.
The boggart gestures wildly while chanting.
The boggart flickers and vanishes!
The cacodemon hits you!
* * * LOW HITPOINT WARNING * * *
The cacodemon corrodes you! You block the cacodemon's attack.
GONNNNG!
A stone giant comes into view.
A brown ugly thing comes into view.
The spriggan defender barely misses you.
A green ugly thing comes into view.
The Executioner hits you!
You die...

#.≈# ...$.[
#≈.###########
#.≈#{/?).9.
{#≈...........+ #.≈#
##+## #≈#.#.##.#####
#.≈#####≈#####≈...#
#....<# #
#.≈≈≈≈≈≈≈≈≈≈≈≈≈#.#
####### #.
#.#.##.#......#..##.
#. #.#..#
#[..W.+?.....
#.#.#..#...#.i..#
#..#..###{#W@.###
#...[.>.>C2L1......
##..[...§.{C.g.C...
##†.......C...Cu..
##.)...C.##.###uC
........T.## .. u
###..........#uc
##......C.{.##.
#.......###C#


You could see a titan, a frost giant, a cacodemon, 4 stone giants, a lich, a
deep troll, a spriggan defender, 4 ugly things, an ettin, an Executioner, a
crystal guardian, a phantasmal warrior, a yaktaur, a wraith and a boggart.

Vanquished Creatures
  the Royal Jelly (Slime:5)
  Xtahua (Depths:2)
  A caustic shrike (Depths:2)
  Nikola (Depths:1)
  3 rockslimes (Depths:1)
  Zenata (Depths:1)
  2 wendigos (Depths:1)
  31 acid blobs
  2 sphinxes (Depths:2)
  9 nagarajas
  4 apis
  9 azure jellies
  2 frost giants
  2 fire giants (Depths:1)
  A cacodemon (Abyss:1)
  Aizul (Shoals:2)
  5 very ugly things (Depths:1)
  5 stone giants
  An eye of devastation (Depths:1)
  A dire elephant (Depths:2)
  An eidolon (Abyss:1)
  3 merfolk javelineers
  6 fire dragons
  Josephine (D:10)
  5 merfolk impalers
  Urug (Lair:5)
  Harold (D:10)
  A rakshasa (Depths:2)
  A catoblepas (Depths:2)
  A vault guard (D:11)
  9 hydras
  5 ice dragons
  7 great orbs of eyes
  10 naga warriors
  A spriggan air mage (Depths:1)
  13 two-headed ogres
  7 death oozes
  5 merfolk avatars
  3 alligator snapping turtles
  18 anacondas
  Erica (Lair:1)
  3 satyrs (Shoals:3)
  8 merfolk aquamancers
  5 ancient automatons
  2 death yaks
  2 ogre magi
  2 deep troll shamans
  6 deep troll earth magi
  A sea snake (shapeshifter) (D:12)
  2 vampire magi
  8 naga sharpshooters
  12 sea snakes
  17 deep trolls
  5 shock serpents
  2 spriggan berserkers
  4 large abominations
  3 wretched stars
  A sun demon (Abyss:3)
  2 sixfirhies
  4 centaur warriors
  16 hell knights
  3 spriggan druids
  An iron troll (Depths:2)
  A glowing orange brain (Depths:1)
  5 wizards
  5 naga ritualists (Snake:3)
  5 starcursed masses (Abyss:3)
  An orange crystal statue (Depths:2)
  13 harpies
  A wolf spider zombie (D:12)
  A tengu zombie (Depths:1)
  A wolf spider (Depths:1)
  2 lindwurms
  4 shining eyes (Slime:5)
  A cyclops (Shoals:2)
  5 orc knights
  A mana viper (Snake:3)
  A statue (Abyss:3)
  A stone giant zombie (Depths:1)
  15 naga magi
  11 ugly things
  2 orc sorcerers
  3 necromancers
  An apocalypse crab (Abyss:1)
  8 oklob plants
  A moth of wrath (Lair:4)
  6 salamanders
  9 manticores
  A worldbinder (Abyss:1)
  19 fauns
  4 deep elf magi (Abyss:3)
  4 elephants
  5 smoke demons (Abyss:3)
  3 guardian serpents (Snake:3)
  3 merfolk sirens (Shoals:3)
  A stone giant skeleton (Depths:1)
  27 black mambas
  8 water nymphs
  10 cane toads
  4 rime drakes
  2 orange demons
  An efreet (Abyss:3)
  A cane toad (shapeshifter) (D:11)
  A rime drake (shapeshifter) (Depths:1)
  A komodo dragon (shapeshifter) (D:8)
  A freezing wraith (Abyss:3)
  4 komodo dragons
  8 yaktaurs
  An eye of draining (shapeshifter) (Depths:2)
  2 ice devils (Lair:6)
  3 hellwings
  2 tengu conjurers (D:11)
  8 merfolk
  5 trolls
  4 polar bears (Lair:3)
  A wolf spider simulacrum (D:12)
  100 slime creatures
  A queen bee (Lair:2)
  3 hornets
  4 wind drakes
  15 blink frogs
  A blink frog (shapeshifter) (Depths:1)
  6 raiju
  12 hippogriffs
  12 dream sheep
  A meliai zombie (D:12)
  5 small abominations
  8 snapping turtles
  4 spriggans
  A ynoxinul (Abyss:3)
  6 wraiths
  A shadow (D:9)
  A wyvern (Lair:2)
  7 basilisks
  4 water elementals
  2 vampires
  4 hungry ghosts
  10 humans (D:11)
  4 golden eyes (Slime:4)
  56 yaks
  A chaos spawn (Abyss:1)
  2 neqoxecs
  3 wargs
  24 crocodiles
  A floating eye (Slime:5)
  36 nagas
  21 water moccasins
  5 hell hounds
  An acid dragon (D:10)
  A swamp drake (D:10)
  7 porcupines
  2 hornet zombies
  2 sky beasts
  42 orc warriors
  10 ogres
  A phantom (D:4)
  7 black bears
  An ice beast (D:5)
  A necrophage (D:6)
  18 wolves
  4 boggarts (Depths:2)
  13 bullfrogs
  5 kobold brigands
  15 centaurs
  2 scorpions
  21 killer bees
  A water moccasin skeleton (D:10)
  2 electric eels (Snake:1)
  14 orc priests
  10 crimson imps
  12 jellies
  5 hounds
  A quasit (Abyss:1)
  20 orc wizards
  An iron imp (Abyss:3)
  5 iguanas
  6 hell rats (Lair:6)
  12 worker ants
  A killer bee zombie (D:7)
  3 hound zombies (D:8)
  2 hound skeletons
  2 worker ant zombies
  A river rat (D:3)
  20 adders
  3 shadow imps
  10 oozes
  6 adder zombies
  An adder skeleton (D:5)
  4 worms
  2 dart slugs
  4 leopard geckos
  70 orcs
  7 bats
  6 giant cockroaches
  16 goblins
  13 hobgoblins
  16 jackals
  33 kobolds
  4 quokkas
  9 ball pythons
  7 frilled lizards
  A jackal zombie (D:5)
  8 rats
  A bush (Lair:5)
  2 fire vortices (Depths:2)
  5 fungi
  17 plants
1407 creatures vanquished.

Vanquished Creatures (others)
  Asterion (Snake:2)
  4 acid blobs
  A nagaraja (Snake:2)
  6 azure jellies
  A merfolk impaler (Shoals:3)
  A death ooze (Slime:5)
  A hydra (Lair:2)
  An ancient automaton (Slime:4)
  A naga sharpshooter (Snake:2)
  A shock serpent (Snake:2)
  7 naga magi
  A deep elf mage (D:12)
  A manticore (Depths:2)
  2 mana vipers (Snake:2)
  4 shining eyes (Slime:4)
  11 elephants
  2 salamanders (Snake:2)
  5 black mambas
  A komodo dragon (Lair:2)
  A troll (D:6)
  A hornet (Lair:5)
  23 slime creatures
  A hippogriff (Lair:2)
  2 dream sheep (Lair:5)
  A spriggan (Lair:5)
  A wyvern (Lair:2)
  3 yaks
  A human (D:11)
  2 hungry ghosts (D:6)
  4 nagas
  A crocodile (Lair:2)
  2 porcupines
  A wolf (Lair:2)
  A small abomination (Abyss:3)
  9 killer bees (Lair:2)
  A jelly (D:12)
  2 kobolds (Bailey)
  A bush (Depths:2)
  45 fungi
  45 plants
  17 starspawn tentacles
217 creatures vanquished.

Grand Total: 1624 creatures vanquished

Notes
Turn   | Place    | Note
-------+----------+-------------------------------------------
     0 | D:1      | Finalfun the Minotaur Archaeologist began the quest for the
                  | Orb.
     0 | D:1      | Reached XP level 1. HP: 16/16 MP: 0/0
   246 | D:1      | Reached XP level 2. HP: 23/23 MP: 1/1
   303 | D:1      | Reached skill level 2 in Fighting
   327 | D:1      | Reached XP level 3. HP: 30/30 MP: 2/2
   386 | D:1      | Reached skill level 3 in Fighting
   712 | D:2      | Found a corrupted altar of Lugonu.
   745 | D:2      | Became a worshipper of Lugonu the Unformed
   970 | D:2      | Found a shadowy altar of Dithmenos.
  1075 | D:2      | Reached XP level 4. HP: 15/40 MP: 3/3
  1399 | D:2      | Reached skill level 1 in Invocations
  1461 | D:3      | Reached skill level 4 in Fighting
  1512 | D:3      | Found a glowing drain.
  1524 | D:3      | Reached ** piety under Lugonu
  1543 | Sewer    | Entered a sewer
  1563 | Sewer    | Noticed a kobold brigand
  1579 | Sewer    | Killed a kobold brigand
  1580 | Sewer    | Reached XP level 5. HP: 36/47 MP: 5/5
  1580 | Sewer    | Identified a scroll of acquirement
  1601 | Sewer    | Identified the +0 hat of the Blind Marksman {rC+ Dex+2
                  | Stlth+} (You acquired it in a sewer)
  1601 | Sewer    | Identified the amulet of Suspicion {Spirit Fragile rC+ rN+
                  | Stlth+} (You acquired it in a sewer)
  1728 | Sewer    | Reached skill level 5 in Fighting
  1750 | Sewer    | Reached XP level 6. HP: 32/56 MP: 5/8
  2466 | D:3      | Reached *** piety under Lugonu
  2510 | D:3      | Reached skill level 5 in Invocations
  2690 | D:3      | Reached skill level 1 in Armour
  3308 | D:4      | Reached XP level 7. HP: 61/61 MP: 9/9
  3890 | D:4      | Found a shimmering blue altar of Sif Muna.
  4144 | D:5      | Entered Level 5 of the Dungeon
  4144 | D:5      | Noticed Eustachio
  4144 | D:5      | Noticed Ijyb
  4550 | D:5      | Reached skill level 5 in Armour
  4751 | D:5      | Found a blossoming altar of Fedhas.
  4776 | D:5      | Reached XP level 8. HP: 48/68 MP: 10/12
  5149 | D:6      | Found a glowing golden altar of the Shining One.
  5196 | D:6      | Noticed Menkaure
  5199 | D:6      | Banished Menkaure
  5625 | D:6      | Found the +9 staff of Olgreb {+Poison rPois}
  5635 | D:6      | Found a runed gate.
  5636 | D:6      | Found a runed door.
  5648 | D:6      | Found a runed gate.
  5648 | D:6      | Found a runed gate.
  5697 | D:6      | Found a bloodstained altar of Trog.
  5764 | D:6      | Found a runed door.
  6712 | D:7      | Reached XP level 9. HP: 43/74 MP: 15/15
  6838 | D:7      | Reached skill level 10 in Invocations
  6868 | D:7      | Noticed a brown ugly thing
  6877 | D:7      | Banished a brown ugly thing
  7234 | D:7      | Found a staircase to the Ecumenical Temple.
  7242 | D:7      | Reached **** piety under Lugonu
  7258 | D:7      | Reached skill level 5 in Evocations
  7269 | Temple   | Entered the Ecumenical Temple
  7632 | D:7      | Found a staircase to the Lair.
  7651 | D:7      | Reached skill level 1 in Axes
  7673 | D:7      | Reached skill level 6 in Fighting
  7771 | D:7      | Noticed a troll
  7780 | D:7      | Killed a troll
  7930 | D:7      | Reached skill level 7 in Fighting
  8183 | D:7      | Noticed a troll
  8192 | D:6      | HP: 3/79 [troll (6)]
  8193 | D:6      | Banished a troll
  8194 | D:6      | Reached XP level 10. HP: 4/86 MP: 6/16
  8312 | D:7      | Reached skill level 5 in Axes
  8569 | D:7      | Reached skill level 8 in Fighting
  8660 | Lair:1   | Entered Level 1 of the Lair of Beasts
  8970 | D:7      | Reached skill level 9 in Fighting
  9129 | Lair:1   | Found a bloodstained altar of Trog.
  9332 | Lair:1   | Noticed a black mamba
  9335 | Lair:1   | Banished a black mamba
  9564 | Lair:1   | Noticed Erica
  9586 | Lair:1   | Killed Erica
  9587 | Lair:1   | Reached skill level 10 in Fighting
  9975 | Lair:1   | Identified the scarf "Forget-Me-Not" {repulsion, Regen+}
                  | (You acquired it on level 1 of the Lair of Beasts)
 10106 | Lair:2   | Noticed a cane toad
 10135 | Lair:1   | Killed a cane toad
 10136 | Lair:1   | Reached XP level 11. HP: 30/99 MP: 1/17
 10234 | Lair:2   | Reached skill level 10 in Axes
 10268 | Lair:2   | Received a gift from Lugonu
 10332 | Lair:2   | Reached skill level 1 in Throwing
 10553 | Lair:2   | Corrupted Lair:2
 10553 | Lair:2   | Noticed a tentacled starspawn
 10553 | Lair:2   | Noticed a starcursed mass
 10553 | Lair:2   | Noticed a reaper
 10554 | Lair:2   | Noticed a starcursed mass
 10564 | Lair:2   | Noticed a large abomination
 10566 | Lair:2   | Noticed a large abomination
 10577 | Lair:2   | Reached skill level 5 in Throwing
 10625 | Lair:2   | Noticed a bone dragon
 10662 | Lair:2   | Noticed a six-headed hydra
 10674 | Lair:2   | Killed a six-headed hydra
 10971 | Lair:2   | Reached XP level 12. HP: 76/106 MP: 18/18
 11255 | Lair:2   | Identified the +0 pair of gloves of the Untouchables {rF-
                  | MR+ Dex+5 Slay+3} (You acquired it on level 2 of the Lair
                  | of Beasts)
 11925 | Lair:3   | Found a staircase to the Snake Pit.
 11983 | Lair:3   | Received a gift from Lugonu
 12033 | Lair:3   | Noticed a seven-headed hydra
 12053 | Lair:3   | Killed a seven-headed hydra
 12254 | Lair:3   | Noticed a six-headed hydra
 12264 | Lair:3   | Killed a six-headed hydra
 12798 | Lair:3   | Reached skill level 10 in Throwing
 12847 | Lair:4   | Reached XP level 13. HP: 112/113 MP: 19/19
 12862 | Lair:4   | Reached skill level 15 in Axes
 13088 | Lair:4   | Found a stormy altar of Qazlal.
 13381 | Lair:4   | Found a runed door.
 13475 | Lair:4   | Found a staircase to the Shoals.
 13948 | Lair:5   | Noticed an apis
 13948 | Lair:5   | Noticed an apis
 13949 | Lair:5   | Noticed an apis
 13963 | Lair:5   | Noticed an apis
 13965 | Lair:5   | Killed an apis
 13990 | Lair:5   | HP: 2/113 [spriggan rider/+0 spear (11)]
 13996 | Lair:4   | Killed an apis
 14277 | Lair:5   | Corrupted Lair:5
 14277 | Lair:5   | Noticed a starcursed mass
 14329 | Lair:5   | Found a staircase to the Spriggan Forest.
 14355 | Lair:5   | Noticed Urug
 14370 | Lair:5   | Killed Urug
 14392 | Lair:5   | Killed an apis
 14398 | Lair:5   | Killed an apis
 15195 | Lair:6   | Entered Level 6 of the Lair of Beasts
 15209 | Lair:5   | Reached XP level 14. HP: 85/121 MP: 13/20
 15393 | Lair:6   | Got a fine marble ring
 15395 | Lair:6   | Identified the cursed ring "Keisof" {rPois rF+ Int-5
                  | Stlth--} (You found it on level 6 of the Lair of Beasts)
 15737 | Lair:6   | Received a gift from Lugonu
 15979 | Lair:6   | Found a large runed door.
 15979 | Lair:6   | Found a large runed door.
 16328 | Lair:6   | Reached skill level 15 in Throwing
 16336 | Lair:6   | Found a burning altar of Makhleb.
 16356 | Lair:6   | Found a gateway to Hell.
 16769 | D:8      | Reached skill level 1 in Shields
 16848 | D:8      | Got a polished leather armour
 16933 | D:8      | Received a gift from Lugonu
 16998 | D:8      | Found an ornate altar of the Wu Jian Council.
 17948 | D:9      | Reached skill level 5 in Dodging
 18006 | D:9      | Identified a +0 pair of boots of running (You found it on
                  | level 9 of the Dungeon)
 18128 | D:9      | Found a radiant altar of Vehumet.
 18128 | D:9      | Found a glowing silver altar of Zin.
 18384 | D:9      | Found a snail-covered altar of Cheibriados.
 18389 | D:9      | Found an iron altar of Okawaru.
 18416 | D:9      | Got a crude scale mail
 18446 | D:9      | Found a stormy altar of Qazlal.
 18581 | D:9      | Identified the +8 scale mail "Maumaus" {Stlth+} (You found
                  | it on level 9 of the Dungeon)
 18592 | D:9      | Identified the +2 leather armour of Indomitability {MP+9}
                  | (You found it on level 8 of the Dungeon)
 18619 | D:10     | Entered Level 10 of the Dungeon
 18620 | D:10     | Found a staircase to the Orcish Mines.
 18664 | D:10     | Found a flagged portal.
 18691 | Bailey   | Entered a bailey
 18703 | Bailey   | Got the ring "Ifarept" {+Fly}
 18808 | Bailey   | Reached ***** piety under Lugonu
 19091 | D:10     | Found Vusuipaa's Antique Armour Shoppe.
 19208 | D:10     | Noticed Josephine
 19213 | D:10     | Killed Josephine
 19596 | D:10     | Noticed Harold
 19604 | D:10     | Killed Harold
 19605 | D:10     | Reached XP level 15. HP: 108/126 MP: 21/21
 19850 | D:11     | Received a gift from Lugonu
 20225 | D:11     | Received a gift from Lugonu
 20226 | D:11     | Reached skill level 5 in Shields
 20477 | D:11     | Found a gate to the Vaults.
 20726 | D:12     | Entered Level 12 of the Dungeon
 20796 | D:12     | Received a gift from Lugonu
 21061 | D:12     | Received a gift from Lugonu
 21062 | D:12     | Found the +8 orange crystal plate armour {Archmagi, Int+3
                  | Clar}
 21375 | Orc      | Entered the Orcish Mines
 21445 | Orc      | Found Myewuihe's Antique Weapon Boutique.
 21465 | Orc      | Found a roughly hewn altar of Beogh.
 21665 | Orc      | Found Fiemomn's Magic Scroll Shop.
 21665 | Orc      | Found Madgh's Distillery.
 21668 | Orc      | Found Avugoiq's Antique Armour Emporium.
 21670 | Orc      | Found Virphinev's Jewellery Boutique.
 21958 | Orc      | Found a viscous altar of Jiyva.
 21967 | Orc      | Found a staircase to the Slime Pits.
 22522 | D:12     | Found a staircase to the Depths.
 22879 | Snake:1  | Entered Level 1 of the Snake Pit
 23272 | Snake:1  | Noticed a nagaraja
 23281 | Snake:1  | Killed a nagaraja
 23440 | Snake:1  | Noticed a nagaraja
 23446 | Snake:1  | Killed a nagaraja
 24016 | Snake:2  | Noticed a nagaraja
 24016 | Snake:2  | Noticed Asterion
 24018 | Snake:2  | Corrupted Snake:2
 24018 | Snake:2  | Noticed a profane servitor
 24021 | Snake:2  | Noticed a cacodemon
 24022 | Snake:2  | Killed a nagaraja
 24022 | Snake:2  | Noticed a tentacled starspawn
 24023 | Snake:2  | Killed Asterion
 24024 | Snake:2  | Reached XP level 16. HP: 123/134 MP: 7/22
 24257 | Snake:2  | Reached skill level 10 in Armour
 24257 | Snake:2  | Found a runed translucent gate.
 24257 | Snake:2  | Found a runed translucent gate.
 24257 | Snake:2  | Found a runed translucent gate.
 24770 | Snake:2  | Received a gift from Lugonu
 24895 | Snake:3  | Entered Level 3 of the Snake Pit
 24998 | Snake:3  | Found a white marble altar of Elyvilon.
 25182 | Snake:3  | Reached skill level 10 in Dodging
 25264 | Snake:3  | Reached skill level 10 in Shields
 25848 | Snake:2  | Reached XP level 17. HP: 140/140 MP: 25/25
 26132 | Snake:3  | Got a serpentine rune of Zot
 26567 | Shoals:1 | Entered Level 1 of the Shoals
 27066 | Shoals:1 | Found an ancient bone altar of Kikubaaqudgha.
 27250 | Shoals:2 | Noticed Aizul
 27267 | Shoals:2 | Killed Aizul
 27272 | Shoals:2 | Reached skill level 10 in Evocations
 27476 | Shoals:2 | Received a gift from Lugonu
 27664 | Shoals:2 | Reached skill level 11 in Fighting
 27758 | Shoals:3 | Entered Level 3 of the Shoals
 27849 | Shoals:3 | Received a gift from Lugonu
 28012 | Shoals:3 | Reached skill level 12 in Fighting
 28111 | Shoals:3 | Received a gift from Lugonu
 28112 | Shoals:3 | Reached skill level 13 in Fighting
 28358 | Shoals:3 | Got a barnacled rune of Zot
 28407 | Shoals:3 | Reached XP level 18. HP: 159/159 MP: 26/26
 28432 | Shoals:3 | Received a gift from Lugonu
 28465 | Shoals:3 | Reached skill level 14 in Fighting
 28505 | Shoals:3 | Identified the cursed +1 hunting sling of the Special
                  | Allies {venom, rN+ MP+9 Dex-4 Stlth+}
 28856 | Shoals:3 | Reached skill level 15 in Fighting
 29322 | Orc      | Bought the +18 shield of the Gong {rElec rN+ MR+ EV-5} for
                  | 3502 gold pieces
 29322 | Orc      | Found the +18 shield of the Gong {rElec rN+ MR+ EV-5}
 29379 | Slime:1  | Entered Level 1 of the Pits of Slime
 29652 | Slime:1  | Reached ****** piety under Lugonu
 29658 | Slime:1  | Received a gift from Lugonu
 31234 | Slime:3  | Reached skill level 15 in Shields
 31834 | Slime:3  | Reached XP level 19. HP: 105/170 MP: 27/27
 31861 | Slime:4  | Corrupted Slime:4
 32443 | Slime:5  | Entered Level 5 of the Pits of Slime
 32466 | Slime:5  | Paralysed by a floating eye for 3 turns
 32476 | Slime:5  | Noticed the Royal Jelly
 32495 | Slime:5  | Corrupted Slime:5
 32514 | Slime:5  | Killed the Royal Jelly
 32719 | Slime:5  | Identified the +1 cloak of Zaimn {rF- Str+6}
 32723 | Slime:5  | Got a slimy rune of Zot
 32724 | Slime:5  | Identified the ring "Nuojasm Nehy" {+Fly Int+3}
 32758 | Slime:5  | Identified the ring "Saeciq" {*Corrode +Fly rC+ MR+}
 32761 | Slime:5  | Identified the Disquisition on Ashen Augmentations
 32787 | Slime:5  | Identified the ring of Neureodi {rC+ Str+4 Slay+3}
 32827 | Slime:5  | Identified the ring "Hewusudgh" {*Slow rPois MP+9 Int+5
                  | Dex+4}
 32832 | Slime:5  | Identified the cursed +1 glaive "Jiroexik" {vamp, rElec
                  | Int+3 Stlth+}
 32848 | Slime:5  | Identified the +1 fire dragon scales "Inemixeo" {rF++ rC-
                  | Str+6}
 33351 | Depths:1 | Entered Level 1 of the Depths
 33531 | Depths:1 | Noticed a rockslime
 33534 | Depths:1 | Received a gift from Lugonu
 33544 | Depths:1 | Killed a rockslime
 33584 | Depths:1 | Reached XP level 20. HP: 144/178 MP: 15/28
 33620 | Depths:1 | Noticed a rockslime
 33636 | Depths:1 | Killed a rockslime
 33741 | Depths:1 | Noticed a rockslime
 33784 | Depths:1 | Killed a rockslime
 33785 | Depths:1 | Reached skill level 15 in Armour
 33807 | Depths:1 | Found an iron altar of Okawaru.
 33898 | Depths:1 | Reached skill level 15 in Dodging
 34143 | Depths:1 | Found a corrupted altar of Lugonu.
 34144 | Depths:1 | Found a one-way gate to the infinite horrors of the Abyss.
 34340 | Depths:2 | Noticed Nikola
 34452 | Depths:2 | Noticed Zenata
 34594 | Depths:1 | Reached skill level 16 in Fighting
 34719 | Depths:2 | Noticed a caustic shrike
 35106 | Abyss:3  | Found a corrupted altar of Lugonu.
 35160 | Abyss:3  | Reached skill level 17 in Fighting
 35257 | Depths:2 | Escaped the Abyss
 35273 | Depths:1 | Killed Nikola
 35483 | Depths:2 | Killed a caustic shrike
 35509 | Abyss:1  | Reached skill level 18 in Fighting
 35727 | Depths:2 | Escaped the Abyss
 36003 | Depths:1 | Killed Zenata
 36080 | Depths:2 | Reached XP level 21. HP: 177/195 MP: 26/29
 36329 | Depths:2 | Reached skill level 19 in Fighting
 36414 | Depths:2 | Found Omiap's General Store.
 36672 | Depths:2 | Noticed Xtahua
 36692 | Depths:2 | Received a gift from Lugonu
 36693 | Depths:2 | Found the +2 pair of boots of the Assassin {Detection Stab+
                  | Stlth++}
 37098 | Depths:2 | Killed Xtahua
 37259 | Depths:3 | Reached skill level 20 in Fighting
 37297 | Depths:3 | Gained mutation: You occasionally shout uncontrollably at
                  | your foes. [a cacodemon]
 37306 | Depths:3 | Found a runed door.
 37310 | Depths:3 | HP: 7/201 [cacodemon[a lich] (10)]
 37310 | Depths:3 | Slain by an Executioner

Skill      XL: |  1  2  3  4  5  6  7  8  9 10 11 12 13 14 15 16 17 18 19 20 21 |
---------------+----------------------------------------------------------------+-----
Dodging        | 4 6 8 10 13 15 | 15.0
Fighting       | 2 3 4 5 7 10 13 15 18 20 | 20.3
Invocations    | 2 4 5 6 9 10 12 | 12.0
Armour         | 2 5 7 9 10 14 15 | 15.0
Evocations     | 5 6 10 | 10.0
Axes           | 4 9 12 14 15 16 17 | 17.9
Throwing       | 6 10 13 15 16 | 16.0
Shields        | 4 8 10 15 | 15.0
Maces & Flails | |  1.2
Stealth        | |  2.6

Action                   |  1- 3 |  4- 6 |  7- 9 | 10-12 | 13-15 | 16-18 | 19-21 || total
-------------------------+-------+-------+-------+-------+-------+-------+-------++-------
Melee: Whip              |   144 |       |       |       |       |       |       ||   144
       Headbutt          |    18 |    28 |    58 |   100 |   153 |   116 |   198 ||   671
       Dagger            |       |   166 |   368 |   364 |       |       |       ||   898
       War axe           |       |       |       |   185 |   536 |       |       ||   721
       Broad axe         |       |       |       |       |   160 |   517 |   813 ||  1490
Throw: Javelin           |       |       |     8 |    37 |   661 |   933 |   246 ||  1885
       Tomahawk          |       |       |    27 |    93 |    11 |       |       ||   131
Invok: Bend Space        |       |       |    11 |    39 |     9 |     3 |    19 ||    81
       Banish            |       |       |     7 |     1 |       |       |       ||     8
       Corrupt           |       |       |       |     1 |     2 |       |     2 ||     5
       Enter the Abyss   |       |       |       |       |       |       |     2 ||     2
       Depart the Abyss  |       |       |       |       |       |       |     1 ||     1
Evoke: Wand              |       |       |       |     6 |     3 |       |     1 ||    10
       Lamp of fire      |       |       |       |       |       |     3 |     2 ||     5
  Use: Scroll            |     1 |     6 |     5 |     7 |    19 |     5 |     3 ||    46
       Potion            |       |     1 |     2 |     2 |     5 |       |     5 ||    15
 Stab: Sleeping          |       |     6 |     1 |       |       |       |       ||     7
       Invisible         |       |       |       |       |       |       |     7 ||     7
       Confused          |       |       |       |       |       |       |     1 ||     1
  Eat: Chunk             |     4 |    11 |    20 |    33 |    62 |    31 |     8 ||   169
       Ration            |       |       |     2 |       |       |     6 |     9 ||    17
Armor: Robe              |    16 |       |       |       |       |       |       ||    16
       Ring mail         |    80 |    67 |       |       |       |       |       ||   147
       Scale mail        |       |     9 |    89 |       |    46 |       |       ||   144
       Chain mail        |       |       |   116 |   340 |   143 |       |       ||   599
       Crystal plate arm |       |       |       |       |   108 |   373 |   405 ||   886
Dodge: Dodged            |   129 |   116 |   214 |   294 |   245 |   111 |    99 ||  1208
       Deflected         |       |       |       |     2 |    51 |    58 |     1 ||   112
Block: Buckler           |       |       |       |       |    40 |       |       ||    40
       Reflection        |       |       |       |       |     6 |       |       ||     6
       Medium shield     |       |       |       |       |   199 |   463 |  1246 ||  1908
